cohdb
Replays
Latest Replays
All Replays
Popular Replays
Top Player Replays
Match Explorer
How It Works
Community
CoH3 Stats
Reddit
Sign in to upload your games and track your stats! →
Sign in with Steam
Match 41598977
Unlisted
Match 41598977
Overview
Messages
Build Orders
End
Construct Barracks
Engineer Squad
Selects Advanced Infantry Battlegroup
1⁄4-ton 4x4 Truck
Riflemen Squad
Riflemen Squad
Riflemen Squad
Selects Convert to Ranger Squad
Convert to Ranger Squad
Selects Frontline Medical Station
Infantry Support Center
Construct Medical Station
Grenade Package
Selects Ammunition Storage
Construct Motor Pool
M1 Anti-tank Gun Team
=LiG= Waffen
Trion
0
0
Comments
sign in to comment!
No comments posted yet!